 Dungeon Crawl Stone Soup version 0.28.0 (webtiles) character file.

Game seed: 10986114994737256836

12 browni3141 the Chopper (level 2, 0/27 HPs)
             Began as a Minotaur Berserker on Feb 17, 2022.
             Was a Follower of Trog.
             Slain by a kobold (5 damage)
             ... on level 1 of the Dungeon.
             The game lasted 00:00:33 (577 turns).

browni3141 the Chopper (Minotaur Berserker)          Turns: 577, Time: 00:00:34

Health: 0/27       AC:  2    Str: 21    XL:     2   Next: 20%
Magic:  1/1        EV: 12    Int:  4    God:    Trog [*.....]
Gold:   35         SH:  0    Dex:  9    Spells: 1/1 levels left

rFire   . . .      SeeInvis .   a - +0 hand axe
rCold   . . .      Faith    .   (no shield)
rNeg    . . .      Spirit   .   b - +0 animal skin
rPois   .          Reflect  .   (helmet restricted)
rElec   .          Harm     .   (no cloak)
rCorr   .          Rampage  .   (no gloves)
Will    .....                   (no boots)
Stlth   +.........              (no amulet)
HPRegen 0.09/turn               (no ring)
MPRegen 0.07/turn               (no ring)

@: no status effects
A: horns 2, retaliatory headbutt
a: Renounce Religion, Berserk


You were on level 1 of the Dungeon.
You worshipped Trog.
Trog was aware of your devotion.
You visited 1 branch of the dungeon, and saw 1 of its levels.

You collected 35 gold pieces.

Inventory:

Hand Weapons
 a - a +0 hand axe (weapon)
Armour
 b - a +0 animal skin (worn)
Scrolls
 d - a scroll of enchant armour {unknown}
 f - 2 scrolls of fear {unknown}
 g - a scroll of fog {unknown}
Potions
 c - 2 potions of curing {unknown}
 e - a potion of resistance {unknown}


   Skills:
 + Level 3.9 Fighting
 * Level 4.1 Axes
 + Level 2.7 Armour
 - Level 2.1 Dodging


You had one spell level left.
You didn't know any spells.
Your spell library was empty.

Dungeon Overview and Level Annotations

Branches:
Dungeon (1/15)

Altars:


Innate Abilities, Weirdness & Mutations

You have a pair of horns on your head.
You reflexively headbutt those who attack you in melee.


Message History

You see here a +0 ring mail.
A kobold comes into view. It is wielding a +0 short sword.
The kobold shouts!
A kobold is nearby!
A kobold is nearby!
A kobold is nearby!
The kobold barely misses you.
A kobold is nearby!
You closely miss the kobold. Your headbutt misses the kobold.
The kobold hits you with a +0 short sword.
A kobold is nearby!
You closely miss the kobold.
The kobold hits you with a +0 short sword.
You hit the kobold.
The kobold is moderately wounded.
The kobold hits you with a +0 short sword.
A kobold is nearby!
A kobold is nearby!
A kobold is nearby!
You closely miss the kobold.
You headbutt the kobold, but do no damage.
The kobold is moderately wounded.
The kobold barely misses you.
A kobold is nearby!
You hit the kobold but do no damage. Your headbutt misses the kobold.
The kobold is moderately wounded.
The kobold barely misses you.
You hit the kobold but do no damage.
The kobold is moderately wounded.
The kobold barely misses you.
A kobold is nearby!
You hit the kobold.
The kobold is severely wounded.
The kobold hits you with a +0 short sword.
You hit the kobold but do no damage. Your headbutt misses the kobold.
The kobold is severely wounded.
The kobold hits you with a +0 short sword.
* * * LOW HITPOINT WARNING * * *
The kobold hits you with a +0 short sword.
You die...

.......#.÷........#.......#....♣♣
....#.###.........#.......#.....♣
...###.#..................#..)...
....#††.#..##.............#...PP.
.....#.###.##.............#...♣P.
....###.#..##.....#.......#..P...
#++..#....###.....#..#######P.P..
..#.......###.....##.#........♣♣.
..'÷............@.+.........P♣♣..
###.......###...K.##.#(..P..♣♣♣P.
........### #......#....P..♣♣♣...
♣♣♣♣♣♣..# #.......##..PP..♣P♣...
..PP..♣.# #.......##.......P....
..P...♣.# #.......###.......#...
PP...P♣.. #.......# #.......#.##
P.<.PP♣... #........ #.......#.##
...P..♣.... #.......#.#


You could see a kobold.

Vanquished Creatures
  An endoplasm (D:1)
  A goblin (D:1)
  A kobold (D:1)
  A quokka (D:1)
  5 bats (D:1)
  5 rats (D:1)
14 creatures vanquished.

Notes
Turn   | Place    | Note
-------+----------+-------------------------------------------
     0 | D:1      | browni3141 the Minotaur Berserker began the quest for the
                  | Orb.
     0 | D:1      | Reached XP level 1. HP: 19/19 MP: 0/0
   262 | D:1      | Reached skill level 4 in Axes
   264 | D:1      | Reached XP level 2. HP: 25/27 MP: 1/1
   577 | D:1      | Slain by a kobold

Illustrated notes

Levels and vault maps discovered:
D:1:      scummos_arrival_checkerplants, layout_basic,
          shapermc_ecumenical_altar_rom_forum, serial_forest,
          infiniplex_forest_clump_curved, infiniplex_forest_straight_5,
          infiniplex_forest_end_double, infiniplex_forest_end_3,
          infiniplex_forest_zigzag_1, infiniplex_forest_end_3,
          infiniplex_forest_straight_2, infiniplex_forest_zigzag_1,
          minmay_pentomino_x4

Skill      XL: |  1 |
---------------+----+-----
Axes           | 4 |  4.1
Fighting       | |  3.9
Armour         | |  2.7
Dodging        | |  2.1

Action                   || total
-------------------------++-------
Melee: Hand axe          ||    37
       Headbutt          ||     4
Armor: Animal skin       ||     9
Dodge: Dodged            ||    23
